 Dungeon Sprint DCSS version 0.29.1-15-g9cfb28693d (webtiles) character file.

Game seed: 760827667180133822

8505 Groucho the Naga Aeon (level 11, -10/111 HPs)
             Began as a Naga Fighter on Mar 12, 2023.
             Was the Champion of Cheibriados.
             Mangled by an ettin
             ... wielding a +0 dire flail
              (23 damage)
             ... in the Dungeon (Sprint IX: "|||||||||||||||||||||||||||||").
             The game lasted 00:05:02 (2561 turns).

Groucho the Naga Aeon (Naga Fighter)                Turns: 2561, Time: 00:05:03

Health: -10/111    AC: 14    Str: 33    XL:     11   Next: 31%
Magic:  21/21      EV: 21    Int: 23    God:    Cheibriados [******]
Gold:   25         SH:  9    Dex: 34    Spells: 12/12 levels left

rFire   + . .      SeeInvis +   m - +3 war axe of the Slimy God {vorpal, rF+ Will+}
rCold   . . .      Faith    .   c - +0 buckler
rNeg    . . .      Spirit   .   o - +2 ring mail
rPois   +          Reflect  .   t - +0 helmet
rElec   .          Harm     .   n - +0 cloak
rCorr   .          Rampage  .   a - +0 pair of gloves
Will    ++...      NoTele   +   (no barding)
Stlth   ++........              (no amulet)
HPRegen 0.28/turn               b - +3 ring of dexterity
MPRegen 0.17/turn               p - +2 ring of evasion

@: very slow
A: AC +3, large, see invisible, deformed body, poison resistance, slowness 2,
spit poison 1, naga tail 1
a: Spit Poison, Renounce Religion, Bend Time, Temporal Distortion, Slouch, Step
From Time


You were in the Dungeon.
You worshipped Cheibriados.
Cheibriados was exalted by your worship.
You visited 1 branch You collected 25 gold pieces.

Inventory:

Hand Weapons
 m - the +3 war axe of the Slimy God (weapon) {vorpal, rF+ Will+}
   (You found it in the Dungeon)

   It inflicts extra damage upon your enemies.
   rF:        It protects you from fire.
   Will:      It increases your willpower.
Armour
 a - a +0 pair of gloves (worn)
 c - a +0 buckler (worn)
 n - a +0 cloak (worn)
 o - a +2 ring mail (worn)
 t - a +0 helmet (worn)
Jewellery
 b - a +3 ring of dexterity (left hand)
 d - a ring of wizardry
 p - a +2 ring of evasion (right hand)
Wands
 l - a wand of quicksilver (10)
Scrolls
 e - 2 scrolls of enchant armour
 f - a scroll of identify
 j - 2 scrolls of blinking
 k - 2 scrolls of amnesia
 q - 2 scrolls of enchant weapon
 r - a scroll of butterflies
Potions
 g - 2 potions of haste
 h - 4 potions of magic
 i - 2 potions of berserk rage


   Skills:
 + Level 11.3 Fighting
 + Level 11.1 Axes
 + Level 9.5 Armour
 + Level 9.1 Dodging
 + Level 10.5 Shields
 * Level 1.2 Spellcasting
 - Level 14.3 Invocations


You had 12 spell levels left.
You didn't know any spells.
Your spell library was empty.

Dungeon Overview and Level Annotations

Branches:
Dungeon (1/1)

Altars:
Cheibriados
Dithmenos
Elyvilon
Fedhas
Gozag
Hepliaklqana
Kikubaaqudgha
Makhleb
Nemelex Xobeh
Okawaru
Qazlal
Ru
Sif Muna
Trog
Uskayaw
Vehumet
Wu Jian
Xom
Yredelemnul
Zin
The Shining One
Jiyva
Lugonu


Innate Abilities, Weirdness & Mutations

Your serpentine skin is tough. (AC +3)
You have supernaturally acute eyesight. (SInv)
Armour fits poorly on your strangely shaped body.
Your system is resistant to poisons. (rPois)
You cover ground very slowly.
You can spit poison.
You have a snake-like lower body.


Message History

The ettin is moderately wounded.
You slash the ettin!
The ettin is heavily wounded.
The ettin hits you with a +0 dire flail!
You block the ettin's attack.
You hit the ettin but do no damage.
The ettin is heavily wounded.
The ettin hits you but does no damage. You block the ettin's attack.
You hit the ettin.
The ettin is heavily wounded.
The ettin hits you with a +0 dire flail!!
You block the ettin's attack.
You hit the ettin but do no damage.
The ettin is heavily wounded.
The ettin hits you with a +0 dire flail!!
You block the ettin's attack.
You are too injured to fight recklessly!
You are too injured to fight recklessly!
Okay, then.
You slash the ettin!
The ettin is almost dead.
You block the ettin's attack. The ettin hits you but does no damage.
Unknown command.
Unknown command.
You hit the ettin but do no damage.
The ettin is almost dead.
The ettin hits you with a +0 dire flail!
The ettin misses you.
Unknown command.
Unknown command.
You hit the ettin but do no damage.
The ettin is almost dead.
You block the ettin's attack.
The ettin hits you with a +0 dire flail!!
* * * LOW HITPOINT WARNING * * *
Unknown command.
Unknown command.
You feel better. You block the ettin's attack.
The ettin hits you with a +0 dire flail!!
You die...

▓<...)†....).....'_____________
▓▓▓▓▓▓▓▓▓▓▓▓▓▓▓▓▓▓▓▓▓▓▓▓▓▓▓▓▓▓▓
▓..............................
▓.▓▓▓▓▓▓▓▓▓▓▓▓▓▓▓▓▓▓▓▓▓▓▓▓▓▓▓▓▓
▓.......'......}).....'........
▓▓▓▓▓▓▓▓▓▓▓▓▓▓▓▓▓▓▓▓▓▓▓▓▓▓▓▓▓▓▓
▓..............................
▓.▓▓▓▓▓▓▓▓▓▓▓▓▓▓▓▓▓▓▓▓▓▓▓▓▓▓▓▓▓
▓.............@Coooooo
▓▓▓▓▓▓▓▓▓▓▓▓▓▓▓▓▓▓▓▓▓▓


You could see an orc knight, an ettin and 5 orcs.

Vanquished Creatures
  A centaur warrior (D)
  A death yak (D)
  An ugly thing (D)
  A cyclops (D)
  2 black mambas (D)
  Joseph (D)
  A torpor snail (D)
  3 rime drakes (D)
  4 cane toads (D)
  2 komodo dragons (D)
  A polar bear (D)
  2 blink frogs (D)
  3 tyrant leeches (D)
  A vampire (D)
  2 yaks (D)
  3 vampire mosquitoes (D)
  A water moccasin (D)
  An orc warrior (D)
  3 centaurs (D)
  A phantom (D)
  3 bullfrogs (D)
  A hound (D)
  A gnoll bouda (D)
  An orc wizard (D)
  A dart slug (D)
  An orc (D)
  A goblin (D)
  A bat (D)
  2 rats (D)
47 creatures vanquished.

Vanquished Creatures (others)
  A two-headed ogre (D)
  A manticore (D)
2 creatures vanquished.

Grand Total: 49 creatures vanquished

Notes
Turn   | Place    | Note
-------+----------+-------------------------------------------
     0 | D        | Groucho the Naga Fighter began the quest for the Orb.
     0 | D        | Reached XP level 1. HP: 21/21 MP: 1/1
    14 | D        | Reached skill level 1 in Dodging
    94 | D        | Noticed a phantom
    94 | D        | Noticed a gnoll bouda
    94 | D        | Noticed a hound
    94 | D        | Noticed a water moccasin
    99 | D        | Killed a phantom
   100 | D        | Reached XP level 2. HP: 24/31 MP: 2/2
   100 | D        | Reached XP level 3. HP: 29/37 MP: 3/3
   100 | D        | Reached XP level 4. HP: 35/45 MP: 4/4
   106 | D        | Reached skill level 5 in Fighting
   110 | D        | Reached XP level 5. HP: 19/52 MP: 5/5
   122 | D        | Killed a water moccasin
   123 | D        | Reached skill level 5 in Axes
   123 | D        | Reached skill level 5 in Armour
   123 | D        | Reached skill level 5 in Shields
   123 | D        | Reached XP level 6. HP: 20/62 MP: 6/6
   129 | D        | Found a snail-covered altar of Cheibriados.
   129 | D        | Found a shadowy altar of Dithmenos.
   129 | D        | Found a white marble altar of Elyvilon.
   129 | D        | Found a blossoming altar of Fedhas.
   129 | D        | Found an opulent altar of Gozag.
   130 | D        | Found a hazy altar of Hepliaklqana.
   131 | D        | Found a viscous altar of Jiyva.
   132 | D        | Found an ancient bone altar of Kikubaaqudgha.
   133 | D        | Became a worshipper of Cheibriados the Contemplative
   134 | D        | Found a corrupted altar of Lugonu.
   135 | D        | Found a burning altar of Makhleb.
   136 | D        | Found a sparkling altar of Nemelex Xobeh.
   137 | D        | Found an iron altar of Okawaru.
   138 | D        | Found a stormy altar of Qazlal.
   139 | D        | Found a sacrificial altar of Ru.
   140 | D        | Found a shimmering blue altar of Sif Muna.
   141 | D        | Found a bloodstained altar of Trog.
   142 | D        | Found a hide-covered altar of Uskayaw.
   143 | D        | Found a radiant altar of Vehumet.
   144 | D        | Found an ornate altar of the Wu Jian Council.
   145 | D        | Found a shimmering altar of Xom.
   146 | D        | Found a basalt altar of Yredelemnul.
   147 | D        | Found a glowing silver altar of Zin.
   148 | D        | Found a glowing golden altar of the Shining One.
   164 | D        | Got the +3 war axe of the Slimy God {vorpal, rF+ Will+}
   505 | D        | Noticed a vampire mosquito
   505 | D        | Noticed a vampire
   505 | D        | Noticed an orc warrior
   512 | D        | Reached skill level 2 in Invocations
   517 | D        | Reached * piety under Cheibriados
   518 | D        | Reached skill level 4 in Invocations
   525 | D        | Killed a vampire mosquito
   525 | D        | Reached ** piety under Cheibriados
   526 | D        | Reached skill level 5 in Dodging
   526 | D        | Reached skill level 5 in Invocations
   526 | D        | Reached XP level 7. HP: 46/72 MP: 7/10
   532 | D        | Killed a vampire
   540 | D        | Reached skill level 6 in Invocations
   542 | D        | Reached *** piety under Cheibriados
   548 | D        | Noticed a manticore
   548 | D        | Noticed a centaur warrior
   548 | D        | Noticed a two-headed ogre
   548 | D        | Noticed a cyclops
   548 | D        | Noticed a brown ugly thing
   554 | D        | Killed a manticore
   560 | D        | Killed a centaur warrior
   561 | D        | Reached skill level 8 in Invocations
   561 | D        | Reached XP level 8. HP: 35/81 MP: 11/14
   565 | D        | Killed a two-headed ogre
   567 | D        | Reached **** piety under Cheibriados
   572 | D        | Killed a cyclops
   573 | D        | Reached skill level 9 in Invocations
   573 | D        | Reached XP level 9. HP: 41/90 MP: 13/16
   583 | D        | Killed a brown ugly thing
   584 | D        | Reached skill level 10 in Invocations
  1097 | D        | Noticed a black mamba
  1097 | D        | Noticed a cane toad
  1097 | D        | Noticed a cane toad
  1097 | D        | Noticed a rime drake
  1097 | D        | Noticed a rime drake
  1097 | D        | Noticed a cane toad
  1105 | D        | Killed a black mamba
  1105 | D        | Reached ***** piety under Cheibriados
  1108 | D        | Noticed a black mamba
  1110 | D        | Killed a cane toad
  1114 | D        | Noticed a komodo dragon
  1115 | D        | Killed a cane toad
  1116 | D        | Reached skill level 11 in Invocations
  1122 | D        | Killed a rime drake
  1123 | D        | Reached XP level 10. HP: 24/100 MP: 18/18
  1128 | D        | Reached ****** piety under Cheibriados
  1128 | D        | Killed a black mamba
  1129 | D        | Reached skill level 10 in Fighting
  1129 | D        | Reached skill level 12 in Invocations
  1129 | D        | Killed a cane toad
  1130 | D        | Reached skill level 10 in Axes
  1636 | D        | Noticed a torpor snail
  1637 | D        | Noticed a death yak
  1639 | D        | Killed a death yak
  1639 | D        | Noticed a cane toad
  1640 | D        | Reached skill level 13 in Invocations
  1641 | D        | Killed a torpor snail
  1642 | D        | Reached skill level 10 in Shields
  1643 | D        | Reached XP level 11. HP: 110/110 MP: 0/21
  2191 | D        | Reached skill level 14 in Invocations
  2342 | D        | Noticed Joseph
  2354 | D        | Killed Joseph
  2355 | D        | Reached skill level 1 in Spellcasting
  2551 | D        | Noticed an ettin
  2551 | D        | Noticed an orc knight
  2560 | D        | HP: 5/111 [ettin/+0 dire flail (31)]
  2561 | D        | Mangled by an ettin

Illustrated notes

Levels and vault maps discovered:
D:        linesprint [early_d, line_temple, items_1, d_10, items_2, lair_1,
          lair_end, items_3, orc_1, orc_end, items_4, d_15, swamp_1, shoals_1,
          snake_1, spider_1, d_20, vaults_1, items_5, swamp_end, shoals_end,
          snake_end, spider_end, vaults_end, d_27, items_6, zot_1, zot_end,
          crypt_end, forest_end, elf_end, slime_end, tomb_end, abyss_end,
          pan_hell_end]

Skill      XL: |  1  2  3  4  5  6  7  8  9 10 11 |
---------------+----------------------------------+-----
Dodging        | 2 3 4 5 6 7 8 9 |  9.1
Shields        | 4 5 6 7 8 9 10 | 10.5
Fighting       | 4 5 6 7 8 9 10 11 | 11.3
Axes           | 4 5 6 7 8 9 10 11 | 11.1
Armour         | 3 4 5 6 7 8 9 |  9.5
Invocations    | 5 8 9 11 13 14 | 14.3
Spellcasting   | 1 |  1.2

Action                   |  1- 3 |  4- 6 |  7- 9 | 10-12 || total
-------------------------+-------+-------+-------+-------++-------
Melee: War axe           |    13 |    39 |    63 |    67 ||   182
Invok: Slouch            |       |       |       |     6 ||     6
  Use: Potion            |     1 |     2 |     9 |     2 ||    14
       Scroll            |       |       |     1 |       ||     1
 Stab: Invisible         |       |       |     4 |       ||     4
Armor: Scale mail        |     3 |     7 |       |       ||    10
       Ring mail         |       |    17 |    17 |     6 ||    40
Dodge: Dodged            |     5 |    31 |    31 |    30 ||    97
Block: Buckler           |     5 |    17 |    33 |    31 ||    86
